Map: Terminal LE (Void)

Players

Zodiak - Winner!

  • Race: Protoss Protoss
  • League: Grandmaster

Esoterik

  • Race: Terran Terran
  • League: Grandmaster

VOD

Have the link to the VOD?

Description

Time

  • Played on: Sept. 15, 2015, 2 p.m.
  • Length: 6:17
Show
View Real Time Build Order
Export as new Build Order

Zodiak Protoss - Winner!

Build Orders:  

Get SALT Encoding   

  12  0:00  Probe (Chrono Boost)  
  13  0:10  Probe (Chrono Boost)  
  14  0:17  Pylon  
  14  0:21  Probe (Chrono Boost)  
  15  0:35  Probe (Chrono Boost)  
  16  0:37  Gateway  
  16  0:43  Assimilator  
  16  0:45  Probe (Chrono Boost)  
  17  0:55  Probe (Chrono Boost)  
  18  1:00  Gateway  
  18  1:05  Probe (Chrono Boost)  
  19  1:15  Probe (Chrono Boost), Pylon  
  20  1:25  Cybernetics Core  
  20  1:27  Probe (Chrono Boost)  
  21  1:37  Probe (Chrono Boost)  
  22  1:40  Assimilator  
  22  1:47  Probe (Chrono Boost)  
  23  1:57  Probe (Chrono Boost)  
  23  1:58  Warp Gate (Chrono Boost)  
  24  2:01  Adept  
  24  2:02  Adept  
  28  2:08  Pylon  
  28  2:09  Probe  
  29  2:21  Probe  
  30  2:37  Nexus  
  30  2:46  Adept  
  34  2:51  Mothership Core  
  34  3:06  Adept  
  34  3:12  Probe  
  37  3:13  Adept  
  39  3:26  Pylon  
  39  3:29  Pylon  
  39  3:44  Probe  
  40  3:49  Pylon  
  36  3:57  Probe  
  36  4:00  Twilight Council  
  37  4:03  Gateway  
  37  4:04  Probe  
  37  4:08  Gateway  
  37  4:09  Probe  
  39  4:15  Probe  
  40  4:21  Probe  
  41  4:25  Probe  
  42  4:33  Probe  
  43  4:40  Pylon  
  43  4:41  Pylon  
  39  4:47  Probe  
  39  4:49  Probe  
  39  4:54  Pylon  
  39  4:55  Pylon  
  39  4:56  Pylon  
  39  4:57  Probe  
  40  5:01  Probe  
  40  5:04  Pylon  
  40  5:06  Pylon  
  41  5:08  Probe  
  41  5:13  Probe  
  43  5:16  Assimilator  
  43  5:18  Probe  
  43  5:19  Assimilator  
  44  5:25  Probe  
  45  5:32  Stalker x4  
  53  5:40  Forge  
  53  5:58  Probe  
  53  5:59  Probe, Gateway  
  53  6:01  Gateway  
  53  6:03  Gateway  
  55  6:04  Pylon  
Show
View Real Time Build Order
Export as new Build Order

Esoterik Terran 

Build Orders:  

Get SALT Encoding   

  12  0:01  SCV  
  13  0:13  SCV  
  14  0:19  Supply Depot  
  14  0:25  SCV  
  15  0:40  SCV  
  15  0:42  Barracks  
  16  0:53  SCV  
  17  0:57  Refinery  
  17  1:05  SCV  
  18  1:17  SCV  
  19  1:28  Command Center  
  20  1:37  Orbital Command  
  19  1:42  Marine  
  20  1:58  Supply Depot  
  20  2:00  Marine  
  21  2:07  SCV, Barracks  
  22  2:18  Marine  
  22  2:19  SCV  
  22  2:21  Supply Depot  
  24  2:31  SCV  
  24  2:36  Marine  
  25  2:38  Barracks  
  25  2:44  Orbital Command  
  25  2:45  SCV  
  26  2:53  Marine  
  26  2:57  SCV  
  28  3:01  Marine  
  29  3:07  Supply Depot  
  29  3:09  SCV  
  29  3:11  Marine  
  30  3:13  SCV  
  30  3:19  Marine  
  28  3:21  SCV  
  28  3:25  SCV  
  28  3:26  Marine  
  30  3:29  Marine  
  30  3:33  SCV  
  29  3:37  Marine  
  27  3:43  SCV  
  27  3:44  Marine  
  27  3:45  SCV  
  27  3:47  Marine  
  28  3:55  SCV, Marine  
  27  4:00  SCV, Bunker  
  27  4:02  Marine  
  27  4:05  Marine  
  27  4:07  SCV  
  27  4:12  SCV  
  27  4:13  Marine  
  26  4:19  SCV  
  26  4:21  Marine  
  26  4:22  Marine  
  25  4:24  SCV  
  25  4:30  Marine  
  24  4:35  SCV  
  24  4:37  SCV  
  23  4:39  Marine  
  23  4:40  Marine  
  20  4:48  Marine  
  20  4:49  SCV  
  20  4:52  SCV  
  21  4:57  Marine  
  21  4:58  Marine  
  23  5:01  SCV  
  23  5:04  SCV  
  23  5:06  Marine  
  26  5:13  SCV  
  27  5:15  Marine  
  27  5:16  Marine  
  29  5:24  Marine  
  29  5:27  SCV x2  
  32  5:31  Supply Depot  
  32  5:33  Marine  
  32  5:34  Marine  
  34  5:39  SCV  
  34  5:42  SCV, Marine  
  37  5:50  Marine  
  37  5:51  SCV  
  37  5:52  Marine  
  37  5:54  SCV  
  41  5:59  Marine  
  41  6:03  SCV  
Tags
 
Add a new tag
Caveats
  • Supply blocks, unpowered buildings, or Contaminate may cause inaccurate times.
  • Supply counts are checked every 10 seconds.